 Dungeon Crawl Stone Soup version 0.19.1-1-g22dce08 (webtiles) character file.

140462 Gargoyl the Severer (level 17, -2/146 HPs)
             Began as a Ghoul Abyssal Knight on Jan 9, 2017.
             Was the Champion of Lugonu.
             Slain by an emperor scorpion (17 damage)
             ... on level 4 of the Spider Nest on Jan 10, 2017.
             The game lasted 01:19:58 (32249 turns).

Gargoyl the Severer (Ghoul Abyssal Knight)         Turns: 32249, Time: 01:20:00

Health: -2/146     AC: 33    Str: 20    XL:     17   Next: 30%
Magic:  27/27      EV:  4    Int:  7    God:    Lugonu [******]
Gold:   2012       SH:  0    Dex: 11    Spells: 0 memorised, 16 levels left

rFire  . . .     SeeInvis .     t - +7 broad axe (venom)
rCold  + + .     Gourm    .     f - +2 plate armour {rC+}
rNeg   + + +     Faith    .     s - +2 buckler
rPois  ∞         Spirit   .     x - +2 helmet
rElec  .         Reflect  .     w - +2 cloak {MR+}
rCorr  +         Harm     .     u - +0 pair of gloves
MR     ++...                    T - +0 pair of boots
Stlth  ..........               (no amulet)
                                k - ring of resist corrosion
                                i - +4 ring of protection

@: held, rotting
A: rotting body, claws 1, carnivore 3, cold resistance 1, negative energy
resistance 3, slow regeneration 1, torment resistance, unbreathing
a: Depart the Abyss, Bend Space, Banish, Corrupt, Enter the Abyss, Brand Weapon
With Distortion, Renounce Religion


You were on level 4 of the Spider Nest.
You worshipped Lugonu.
Lugonu was exalted by your worship.
You were not hungry.

You visited 4 branches of the dungeon, and saw 27 of its levels.
You visited the Abyss 3 times.
You also visited: Bailey.

You collected 2952 gold pieces.
You spent 940 gold pieces at shops.

Inventory:

Hand Weapons
 d - a +2 spear of flaming
 h - a +0 war axe
 t - a +7 broad axe of venom (weapon)
 v - a +2 hand axe of flaming
 P - a +0 vampiric war axe
 S - the +3 war axe of Joyful Slaughter {elec, Dex+4}
   (You bought it in a shop on level 1 of the Orcish Mines)

   Occasionally, upon striking a foe, it will discharge some electrical energy
   and cause terrible harm.
   It affects your dexterity (+4).
Missiles
 M - 10 tomahawks (quivered)
Armour
 f - a +2 plate armour of cold resistance (worn)
 s - a +2 buckler (worn)
 u - a +0 pair of gloves (worn)
 w - a +2 cloak of magic resistance (worn)
 x - a +2 helmet (worn)
 T - a +0 pair of boots (worn)
Jewellery
 b - an uncursed ring of see invisible
 i - a +4 ring of protection (left hand)
 k - a ring of resist corrosion (right hand)
 p - an uncursed ring of protection from fire
Wands
 e - a wand of paralysis (12/24)
 K - a wand of lightning (12/15)
Scrolls
 g - 3 scrolls of teleportation
 n - 9 scrolls of remove curse
 q - 3 scrolls of magic mapping
 y - 5 scrolls of identify
 C - 4 scrolls of blinking
 D - 2 scrolls of fear
 F - a scroll of fog
 L - 4 scrolls of torment
 Y - a scroll of amnesia
Potions
 j - 3 potions of flight
 l - 2 potions of haste
 m - 3 potions of curing
 B - 3 potions of brilliance
 E - 6 potions of agility
 H - a potion of magic
 O - 2 potions of invisibility
 U - 2 potions of might
 V - a potion of resistance
 Z - 2 potions of heal wounds
Comestibles
 c - 8 meat rations
 r - 10 royal jellies
 G - a slice of pizza
 I - 7 beef jerkies


   Skills:
 + Level 12.3 Fighting
 + Level 15.4 Axes
 + Level 1.2 Throwing
 * Level 14.4 Armour
 + Level 3.1 Dodging
 + Level 8.7 Shields
 * Level 14.7 Invocations
 + Level 0.8 Evocations


You had 16 spell levels left.
You didn't know any spells.

Dungeon Overview and Level Annotations

Branches:
Dungeon (15/15)            Temple (0/1) D:5            Lair (6/6) D:11
 Shoals (0/4) Lair:2       Spider (4/4) Lair:2        Slime (0/5) Lair:5
    Orc (2/2) D:10            Elf (0/3) Orc:2        Vaults (0/5) D:14
 Depths (0/5) D:15

Altars:
Ashenzari
Cheibriados
Dithmenos
Elyvilon
Kikubaaqudgha
Makhleb
Nemelex Xobeh
Okawaru
Qazlal
Sif Muna
Trog
The Shining One
Beogh
Jiyva

Shops:
D:4 }:[   D:5 [(((   D:13 (   Orc:1 (   Orc:2 %!*

Annotations:
Abyss:1 Sonja


Innate Abilities, Weirdness & Mutations

Your body is rotting away.
You thrive on raw meat.
You are immune to poison.
You have sharp fingernails.
You are carnivorous and can eat meat at any time.
Your flesh is cold resistant. (rC+)
You are immune to negative energy. (rN+++)
You regenerate slowly when monsters are visible.
You are immune to unholy pain and torment.
You can survive without breathing.


Message History

You hit the emperor scorpion.
The wolf spider hits you but does no damage.
The wolf spider bites you but does no damage.
The emperor scorpion stings you.
The emperor scorpion claws you but does no damage. x2
The wolf spider hits you!
The wolf spider bites you but does no damage.
You block the emperor scorpion's attack.
The emperor scorpion claws you.
The emperor scorpion claws you but does no damage.
The wolf spider closely misses you. You block the wolf spider's attack.
You see here a shortbow.
You are caught in the web!
The wolf spider hits you but does no damage.
The wolf spider bites you! The wolf spider hits you. The wolf spider bites you!
* * * LOW HITPOINT WARNING * * *
The emperor scorpion stings you!!
* * * LOW HITPOINT WARNING * * *
The emperor scorpion claws you!
You die...

.....^..##..≈##
....#.^≈#.≈.^.###
....##........^≈#
....##........(.##
...#####..≈≈.....#
....###^.≈≈####..#
.....##≈.≈## #^.#
..^^###≈.≈# #≈.#
^...##≈..≈# ##@##
....##...## #ss#
..#^###..# #y.##
....# #..# ##^†#
..^## #..# ...##
#s≈# #)..# #..#
##..# .≈.# ##..#
...##


You could see an emperor scorpion (berserk), a wolf spider (berserk), a moth of
wrath and an orb spider.

Vanquished Creatures
  A ghost moth (Spider:1)
  3 emperor scorpions
  3 entropy weavers
  A spark wasp (Spider:2)
  A fire dragon (Lair:6)
  4 vault guards (D:14)
  Erolcha (D:12)
  A catoblepas (D:15)
  A great orb of eyes (D:14)
  Harold (D:12)
  An anaconda (shapeshifter) (D:14)
  10 hydras
  2 centaur warriors (D:15)
  4 ogre magi (Orc:2)
  An orc high priest (Orc:1)
  A deep elf knight (D:14)
  A fire crab (Lair:6)
  A shadow wraith (D:13)
  5 skeletal warriors (D:14)
  The ghost of mrks the Archer, a novice CeHu of Okawaru (D:8)
  A deep elf archer (D:14)
  2 unseen horrors
  8 hill giants
  An orc knight (Bailey)
  10 orb spiders
  A wolf spider zombie (D:15)
  19 wolf spiders
  3 deep elf magi
  3 manticores
  An orc sorcerer (Orc:2)
  2 ugly things
  2 cyclopes
  12 elephants (Lair:6)
  2 moths of wrath
  5 black mambas
  2 molten gargoyles (Lair:6)
  Maurice (D:10)
  2 torpor snails (Spider:1)
  10 spiny frogs
  A kobold demonologist (D:13)
  2 centaur skeletons (D:13)
  2 rime drakes (Lair:6)
  7 demonic crawlers
  9 komodo dragons
  2 freezing wraiths (D:15)
  The ghost of loom the Conjurer, a novice DECj (D:5)
  24 jumping spiders
  Grinder (D:4)
  6 trolls
  2 polar bears
  6 hornets
  16 blink frogs
  17 two-headed ogres
  5 slime creatures (D:15)
  A snapping turtle (Lair:2)
  7 dream sheep (Lair:6)
  13 hippogriffs
  3 centaur simulacra
  4 water elementals (D:14)
  21 tarantellas
  82 redbacks
  3 wraiths
  A shadow (D:15)
  54 yaks
  2 spriggans (Lair:2)
  11 wyverns
  Grum (D:9)
  9 basilisks
  2 steam dragons
  6 vampire mosquitoes
  A warg (Orc:2)
  2 mottled dragons
  2 soldier ants
  4 hell hounds (Lair:6)
  14 water moccasins
  7 porcupines
  5 phantoms
  A sky beast (D:9)
  4 black bears
  A hornet zombie (D:12)
  A large abomination (Abyss:2)
  2 ice beasts
  2 eyes of draining
  8 orc warriors
  13 wolves
  30 ogres
  A necrophage (D:7)
  16 centaurs
  12 crocodiles
  3 big kobolds
  16 bullfrogs
  3 scorpions
  A water moccasin skeleton (D:11)
  51 killer bees
  9 wights
  5 howler monkeys
  5 electric eels
  5 lava snakes (Lair:6)
  5 crimson imps
  A quasit (D:6)
  A bullfrog skeleton (D:6)
  2 bullfrog zombies
  8 hounds
  2 jellies
  9 orc priests
  18 orc wizards
  6 iguanas
  4 hell rats (Lair:4)
  12 worker ants
  Terence (D:2)
  8 gnolls
  16 adders
  4 shadow imps
  An ooze (D:7)
  2 adder skeletons (D:4)
  5 worms (D:2)
  4 dart slugs
  9 leopard geckos
  64 orcs
  3 ball pythons
  10 giant cockroaches
  9 goblins
  5 hobgoblins
  5 jackals
  27 kobolds
  3 quokkas
  8 bats
  2 frilled lizards
  A quokka skeleton (D:4)
  8 rats
  3 fungi
  3 plants
945 creatures vanquished.

Vanquished Creatures (collateral kills)
  A jumping spider (Spider:2)
  A redback (Spider:2)
2 creatures vanquished.

Vanquished Creatures (others)
  A dire elephant (D:15)
  The ghost of novi the Cleaver, a journeyman MiBe of Trog (D:11)
  A hydra (Lair:4)
  5 orb spiders
  4 ugly things
  A molten gargoyle (Lair:6)
  2 redbacks
  2 orc warriors
  A phantom (D:8)
  A crimson imp (D:7)
  An orc priest (D:6)
  10 fungi
  10 plants
40 creatures vanquished.

Grand Total: 987 creatures vanquished

Notes
Turn   | Place    | Note
-------+----------+-------------------------------------------
     0 | Abyss:1  | Gargoyl the Ghoul Abyssal Knight began the quest for the Orb.
     0 | Abyss:1  | Reached XP level 1. HP: 19/19 MP: 1/1
    20 | Abyss:2  | Noticed a thrashing horror
    52 | Abyss:3  | Noticed a raiju
    52 | Abyss:3  | Noticed a raiju
    52 | Abyss:3  | Noticed a raiju
    53 | D:1      | Escaped the Abyss
   219 | D:1      | Reached XP level 2. HP: 20/26 MP: 2/2
   410 | D:1      | Reached skill level 2 in Axes
   534 | D:1      | Reached XP level 3. HP: 32/33 MP: 3/3
  1331 | D:2      | Reached * piety under Lugonu
  1463 | D:2      | Reached XP level 4. HP: 40/40 MP: 3/5
  1615 | D:2      | Reached skill level 1 in Dodging
  1985 | D:2      | Noticed Terence
  1999 | D:2      | Killed Terence
  2210 | D:3      | Reached XP level 5. HP: 32/46 MP: 6/6
  2217 | D:3      | Reached skill level 3 in Axes
  2344 | D:3      | Found a shadowy altar of Dithmenos.
  2581 | D:3      | Reached ** piety under Lugonu
  2778 | D:3      | Found a deep blue altar of Sif Muna.
  3207 | D:3      | Reached XP level 6. HP: 53/53 MP: 7/7
  3553 | D:4      | Noticed a black bear
  3560 | D:4      | Killed a black bear
  3560 | D:4      | Reached skill level 1 in Shields
  3621 | D:4      | Found Xemogoum's Armour Shoppe.
  3639 | D:4      | Bought a +0 cloak of magic resistance for 126 gold pieces
  3639 | D:4      | Bought a +0 helmet for 49 gold pieces
  3858 | D:4      | Found a bloodstained altar of Trog.
  3858 | D:4      | Noticed a phantom
  3945 | D:4      | Killed a phantom
  3945 | D:4      | Reached skill level 4 in Axes
  3945 | D:4      | Reached XP level 7. HP: 57/60 MP: 7/9
  4056 | D:4      | Found Otiet Jig's Gadget Emporium.
  4119 | D:4      | Found Ofiar's Book Boutique.
  4220 | D:5      | Entered Level 5 of the Dungeon
  4296 | D:5      | Found an iron altar of Okawaru.
  4323 | D:5      | Found a shattered altar of Ashenzari.
  4375 | D:5      | Noticed loom's ghost (novice DECj)
  4412 | D:5      | Reached *** piety under Lugonu
  4433 | D:5      | Reached XP level 8. HP: 65/67 MP: 10/10
  4684 | D:5      | Noticed Grinder
  4733 | D:4      | Reached skill level 5 in Fighting
  4968 | D:4      | Killed Grinder
  4968 | D:4      | Reached skill level 5 in Armour
  4995 | D:5      | Killed loom's ghost
  4995 | D:5      | Reached skill level 5 in Axes
  4995 | D:5      | Reached skill level 5 in Invocations
  5165 | D:5      | Found a staircase to the Ecumenical Temple.
  5167 | D:5      | Found Kahougih's Armour Boutique.
  5167 | D:5      | Found Hegaac's Weapon Boutique.
  5171 | D:5      | Found Tuoq's Weapon Boutique.
  5172 | D:5      | Found Ifajeg's Antique Weapon Boutique.
  5639 | D:6      | Reached XP level 9. HP: 72/74 MP: 11/11
  5981 | D:6      | Reached skill level 6 in Axes
  6244 | D:6      | Found a snail-covered altar of Cheibriados.
  6527 | D:6      | Noticed a green ugly thing
  6536 | D:6      | Banished a green ugly thing
  7475 | D:7      | Found a stormy altar of Qazlal.
  7777 | D:8      | Reached XP level 10. HP: 73/82 MP: 14/14
  7849 | D:8      | Reached skill level 7 in Axes
  8082 | D:8      | Noticed mrks's ghost (novice CeHu)
  8133 | D:8      | Killed mrks's ghost
  8275 | D:8      | Reached **** piety under Lugonu
  8276 | D:8      | Found a glowing golden altar of the Shining One.
  8706 | D:9      | Noticed Grum
  8823 | D:9      | Killed Grum
  8962 | D:9      | Found a glowing golden altar of the Shining One.
  8965 | D:9      | Found a burning altar of Makhleb.
  8968 | D:9      | Found an ancient bone altar of Kikubaaqudgha.
  9120 | D:5      | Bought a glowing broad axe for 250 gold pieces
  9269 | D:9      | Found a sparkling altar of Nemelex Xobeh.
  9426 | D:9      | Found a bloodstained altar of Trog.
  9501 | D:9      | Found a faded altar of an unknown god.
  9501 | D:9      | Found a shattered altar of Ashenzari.
  9506 | D:9      | Found a faded altar of an unknown god.
  9508 | D:9      | Found a faded altar of an unknown god.
  9510 | D:9      | Found a white marble altar of Elyvilon.
  9747 | D:9      | Reached skill level 8 in Axes
  9963 | D:10     | Entered Level 10 of the Dungeon
 10058 | D:10     | Noticed a brown ugly thing
 10068 | D:10     | Killed a brown ugly thing
 10068 | D:10     | Reached XP level 11. HP: 75/91 MP: 16/16
 10252 | D:10     | Noticed Maurice
 10263 | D:10     | Killed Maurice
 10300 | D:10     | Found a staircase to the Orcish Mines.
 11059 | D:11     | Noticed novi's ghost (journeyman MiBe)
 11084 | D:11     | Banished novi's ghost
 11124 | D:11     | Noticed a cyclops
 11415 | D:11     | Killed a cyclops
 11757 | D:11     | Reached skill level 9 in Axes
 11797 | D:11     | Found a staircase to the Lair.
 11922 | D:11     | Noticed a hill giant
 11936 | D:11     | Killed a hill giant
 11936 | D:11     | Reached skill level 5 in Shields
 12094 | D:11     | Reached ***** piety under Lugonu
 12594 | D:11     | Reached XP level 12. HP: 77/99 MP: 18/18
 12772 | Lair:1   | Entered Level 1 of the Lair of Beasts
 13103 | Lair:1   | Noticed Sonja
 13103 | Lair:1   | Reached skill level 10 in Axes
 13158 | Lair:1   | Cast into level 2 of the Abyss (Sonja)
 13309 | Lair:1   | Escaped the Abyss
 13579 | Lair:1   | Cast into level 1 of the Abyss (Sonja)
 13608 | Lair:1   | Escaped the Abyss
 13614 | Lair:1   | Reached skill level 10 in Armour
 14209 | Lair:1   | Banished Sonja
 14417 | Lair:2   | Reached skill level 1 in Throwing
 14707 | Lair:2   | Noticed a six-headed hydra
 14726 | Lair:2   | Killed a one-headed hydra
 14749 | Lair:2   | Found a hole to the Spider Nest.
 14851 | Lair:2   | Found a staircase to the Shoals.
 15015 | Lair:2   | Reached skill level 10 in Invocations
 15960 | Lair:3   | Reached XP level 13. HP: 80/108 MP: 19/19
 15979 | Lair:3   | Reached skill level 11 in Axes
 17813 | Lair:5   | Found a staircase to the Slime Pits.
 17813 | Lair:5   | Found a viscous altar of Jiyva.
 18096 | Lair:6   | Entered Level 6 of the Lair of Beasts
 18818 | Lair:6   | Reached skill level 12 in Axes
 18982 | Lair:6   | Reached XP level 14. HP: 102/118 MP: 21/21
 19286 | Lair:6   | Reached skill level 10 in Fighting
 19423 | Lair:6   | Found a large runed door.
 19425 | Lair:6   | Found a large runed door.
 19437 | Lair:6   | Reached ****** piety under Lugonu
 20168 | D:12     | Noticed Harold
 20198 | D:12     | Killed Harold
 20500 | D:12     | Noticed Erolcha
 20507 | D:12     | Killed Erolcha
 20507 | D:12     | Reached skill level 13 in Axes
 20987 | D:13     | Found Dev Etur's Antique Weapon Boutique.
 22394 | D:13     | Reached XP level 15. HP: 124/126 MP: 23/23
 23475 | D:14     | Found a gate to the Vaults.
 23738 | D:15     | Entered Level 15 of the Dungeon
 24125 | D:15     | Found a staircase to the Depths.
 24730 | D:15     | HP: 1/129 [white ugly thing (15)]
 25205 | D:15     | Reached skill level 14 in Axes
 26017 | Orc:1    | Entered Level 1 of the Orcish Mines
 26151 | Orc:1    | Found Lipyc's Antique Weapon Emporium.
 26159 | Orc:1    | Bought a scorched war axe for 263 gold pieces
 26159 | Orc:1    | Identified the +3 war axe of Joyful Slaughter {elec, Dex+4} (You bought it in a shop on level 1 of the Orcish Mines)
 26162 | Orc:1    | Found a flagged portal.
 26176 | Bailey   | Entered a bailey
 26243 | Bailey   | Found a burning altar of Makhleb.
 26427 | Orc:1    | Found a roughly hewn altar of Beogh.
 26522 | Orc:2    | Entered Level 2 of the Orcish Mines
 27043 | Orc:2    | Found a staircase to the Elven Halls.
 27068 | Orc:2    | Reached XP level 16. HP: 74/136 MP: 25/25
 27374 | Orc:2    | Found Louremid's Food Emporium.
 27374 | Orc:2    | Found Geuf's Distillery.
 27383 | Orc:2    | Found Plog's Assorted Antiques.
 27383 | Orc:2    | Found Cojoiqel's Magic Scroll Shop.
 27543 | Orc:2    | Bought a potion of curing for 42 gold pieces
 27543 | Orc:2    | Bought a potion of might for 56 gold pieces
 27543 | Orc:2    | Bought a potion of agility for 56 gold pieces
 27543 | Orc:2    | Bought a potion of might for 56 gold pieces
 27543 | Orc:2    | Bought a potion of curing for 42 gold pieces
 27705 | Spider:1 | Entered Level 1 of the Spider Nest
 28034 | Spider:1 | HP: 5/138 [emperor scorpion[a torpor snail] (14)]
 30003 | Spider:1 | You fall through a shaft!
 30324 | Spider:2 | Reached skill level 15 in Axes
 30962 | Spider:3 | Found a roughly hewn altar of Beogh.
 31099 | Spider:3 | Reached XP level 17. HP: 121/145 MP: 26/26
 31217 | Spider:4 | Entered Level 4 of the Spider Nest
 32249 | Spider:4 | Slain by an emperor scorpion

Skill      XL: |  1  2  3  4  5  6  7  8  9 10 11 12 13 14 15 16 |
---------------+-------------------------------------------------+-----
Armour         | 2 3 4 5 6 8 9 10 11 12 13 14 | 14.4
Axes           | 2 3 4 5 6 8 9 10 12 13 14 15 | 15.4
Fighting       | 4 5 6 7 8 9 10 11 12 | 12.3
Dodging        | 1 2 3 |  3.1
Invocations    | 3 4 5 7 8 9 10 11 12 13 14 | 14.7
Shields        | 1 2 3 4 5 6 7 8 |  8.7
Throwing       | 1 |  1.2
Evocations     | |  0.8

Action                   |  1- 3 |  4- 6 |  7- 9 | 10-12 | 13-15 | 16-18 || total
-------------------------+-------+-------+-------+-------+-------+-------++-------
Melee: Hand axe          |   152 |   278 |   500 |   300 |    97 |       ||  1327
       Broad axe         |       |       |       |   717 |  1131 |   532 ||  2380
       War axe           |       |       |       |       |    42 |       ||    42
Throw: Tomahawk          |       |       |     1 |    18 |     2 |     4 ||    25
Invok: Depart the Abyss  |     1 |       |       |     2 |       |       ||     3
       Banish            |       |       |     8 |     5 |    18 |     9 ||    40
       Bend Space        |       |       |       |       |     2 |     2 ||     4
Evoke: Wand              |       |       |     5 |       |     1 |       ||     6
  Use: Scroll            |     1 |     1 |     9 |    17 |    11 |     4 ||    43
       Potion            |       |       |    12 |     3 |     3 |     1 ||    19
  Eat: Chunk             |    20 |    23 |    34 |   166 |   278 |   141 ||   662
       Meat ration       |       |       |       |       |     2 |     1 ||     3
Armor: Plate armour      |   151 |   256 |   412 |   891 |  1035 |   733 ||  3478
Dodge: Dodged            |    39 |    69 |   113 |   379 |   489 |   349 ||  1438
Block: Buckler           |       |    50 |   145 |   420 |   526 |   359 ||  1500
